 Dungeon Crawl Stone Soup version 0.17-a0-1020-ge683cc4 (webtiles) character file.

978 cyanydeez the Conjurer (level 7, -8/52 HPs)
             Began as a Demigod Conjurer on May 15, 2015.
             Mangled by an orc warrior
             ... wielding a +2 halberd of pain
              (9 damage)
             ... on level 5 of the Dungeon on May 16, 2015.
             The game lasted 01:00:31 (6521 turns).

cyanydeez the Conjurer (Demigod Conjurer)           Turns: 6521, Time: 01:00:31

Health: -8/52      AC:  3    Str: 13    XL:     7   Next: 63%
Magic:  0/16       EV: 11    Int: 21    God:
Gold:   191        SH:  7    Dex: 16    Spells: 1 memorised, 13 levels left

rFire  . . .     SeeInvis .     H - +2 dagger (chaos)
rCold  . . .     Clarity  .     k - +1 robe {rN+}
rNeg   + . .     SustAb   +     G - +0 shield
rPois  .         Gourm    .     (no helmet)
rElec  .         Spirit   +     (no cloak)
rCorr  .         Warding  .     (no gloves)
rMut   .         Stasis   .     (no boots)
MR     .....                    n - amulet of guardian spirit
Stlth  ++........               (no ring)
                                (no ring)

@: not resistant to hostile enchantments, unstealthy
A: high mp 1, sustain abilities
a: no special abilities


You were on level 5 of the Dungeon.
You were not hungry.

You visited 2 branches of the dungeon, and saw 7 of its levels.

You collected 191 gold pieces.

Inventory:

Hand weapons
 a - a +0 flail of holy wrath
 d - a +0 blowgun
 r - a +2 mace of draining
 s - a +2 dagger of venom
 t - a +0 dagger
 w - a +0 dagger
 B - a +2 dagger of speed
 C - a +0 hand crossbow
 H - a +2 dagger of chaos (weapon)
Missiles
 f - 62 arrows
 i - 44 sling bullets
 l - 7 needles of frenzy
 m - 133 stones
 u - 42 poisoned needles
 D - 24 bolts
 E - 2 throwing nets (quivered)
Armour
 k - a +1 robe of positive energy (worn)
 G - a +0 shield (worn)
 J - a +0 pair of gloves
Jewellery
 n - an amulet of guardian spirit (around neck)
 v - an uncursed amulet of stasis {unknown}
 y - an uncursed ring of protection from cold {unknown}
Magical devices
 F - a wand of slowing (23)
Scrolls
 h - 2 scrolls of teleportation
 p - 2 scrolls of remove curse
 A - 2 scrolls of enchant armour {unknown}
Potions
 e - a potion of mutation {unknown}
 g - a potion of poison {unknown}
 j - a potion of heal wounds
 o - a potion of resistance
 x - a potion of cancellation
 I - a potion of curing
 K - a potion of degeneration {unknown}
Books
 b - a book of Conjurations

   Spells                             Type                      Level
   a - Magic Dart                     Conjuration                  1
   b - Searing Ray                    Conjuration                  2
   c - Dazzling Spray                 Conjuration/Hexes            3
   d - Fulminant Prism                Conjuration/Hexes            4
   e - Iskenderun's Mystic Blast      Conjuration                  4
   f - Iskenderun's Battlesphere      Conjuration/Charms           5
Comestibles
 c - 4 bread rations
 q - a royal jelly
 z - a meat ration


   Skills:
 + Level 1.0 Fighting
 + Level 0.5 Short Blades
 + Level 0.8 Maces & Flails
 + Level 0.8 Throwing
 + Level 3.9 Dodging
 + Level 2.6 Stealth
 + Level 0.5 Shields
 + Level 0.1 Unarmed Combat
 + Level 4.2 Spellcasting
 + Level 6.3 Conjurations


You had 13 spell levels left.
You knew the following spells:

 Your Spells              Type           Power        Failure   Level  Hunger
a - Magic Dart            Conj           ####         8%          1    None


Dungeon Overview and Level Annotations

Branches:
Dungeon (6/15)             Temple (1/1) D:4

Shops:
D:4 *   D:5 *


Innate Abilities, Weirdness & Mutations

You have an increased reservoir of magic (+10% MP).
Your attributes are resistant to harm.


Message History

You block the quokka's attack.
The orc warrior hits you with a halberd of pain.
You climb upwards.
There is a stone staircase leading down here.
You hit the orc warrior but do no damage.
The orc warrior flickers and vanishes!
Deactivating autopickup; reactivate with Ctrl-A.
The quokka closely misses you. You block the quokka's attack.
Your shield prevents you from hitting something.
Something hits you!! The quokka closely misses you.
You hit something but do no damage.
Nothing appears to happen.
Something hits you!!
* * * LOW HITPOINT WARNING * * *
The quokka barely misses you.
You miss something. The quokka bites you. Something hits you!
* * * LOW HITPOINT WARNING * * *
You closely miss the quokka. The quokka bites you.
* * * LOW HITPOINT WARNING * * *
Something hits you!
You die...

#.#..###.#
#..######...####
##.....##.# #..# ##.##
#...##.##.###..#######)#
#...#.#................#
#...##.##..###.#########
##.....##..# #.#
###.#.##..# #.#
######.#.#...###{#
.......#.#.....r@#
########.....#####
#######


You could see a quokka.

Vanquished Creatures
  The ghost of gressup the Grave Robber, an average HONe (D:3)
  A sky beast (D:5)
  2 scorpions
  5 crimson imps (D:5)
  2 orc priests
  An orc wizard (D:5)
  3 hounds
  2 iguanas (D:5)
  3 adders
  12 gnolls
  A shadow imp (D:5)
  An adder skeleton (D:4)
  5 giant geckos
  13 orcs
  3 ball pythons
  A bat skeleton (D:4)
  9 giant cockroaches
  8 goblins
  6 hobgoblins
  9 jackals
  A quokka (D:4)
  8 bats
  4 giant newts
  A jackal skeleton (D:4)
  15 kobolds
  A quokka zombie (D:5)
  9 rats
127 creatures vanquished.

Notes
Turn   | Place    | Note
--------------------------------------------------------------
     0 | D:1      | cyanydeez the Demigod Conjurer began the quest for the Orb.
     0 | D:1      | Reached XP level 1. HP: 14/14 MP: 5/5
   199 | D:1      | Reached skill level 4 in Conjurations
   263 | D:1      | Reached XP level 2. HP: 20/20 MP: 1/7
  1376 | D:2      | Found a shadowy altar of Dithmenos.
  1431 | D:2      | Reached XP level 3. HP: 26/26 MP: 3/8
  2208 | D:3      | Reached XP level 4. HP: 20/33 MP: 4/10
  2601 | D:3      | Noticed gressup's ghost (average HONe)
  2786 | D:3      | Killed gressup's ghost
  2786 | D:3      | Reached skill level 5 in Conjurations
  2786 | D:3      | Reached XP level 5. HP: 10/38 MP: 7/12
  3608 | D:4      | Reached XP level 6. HP: 45/45 MP: 8/13
  3682 | D:4      | Found an opulent altar of Gozag.
  4655 | D:4      | Found a staircase to the Ecumenical Temple.
  4661 | Temple   | Entered the Ecumenical Temple
  4950 | D:4      | Found Uhooqap's Assorted Antiques.
  5058 | D:4      | Found a bloodstained altar of Trog.
  5069 | D:4      | Found a radiant altar of Vehumet.
  5070 | D:4      | Found a white marble altar of Elyvilon.
  5312 | D:5      | Entered Level 5 of the Dungeon
  5312 | D:5      | Found Larios's Assorted Antiques.
  5358 | D:5      | Found a shimmering altar of Xom.
  5396 | D:5      | Reached XP level 7. HP: 27/51 MP: 0/16
  5508 | D:5      | Reached skill level 6 in Conjurations
  5802 | D:5      | Reached skill level 1 in Fighting
  6521 | D:5      | HP: 1/52 [quokka (2)]
  6521 | D:5      | Mangled by an orc warrior

Vault maps used:
D:1:      dpeg_arrival_water_temple_mockup
D:2:      lemuel_round_altar
D:3:      first_bread, eino_tiny_chamber
D:4:      grunt_temple_overflow_open, old_standard_altar,
          minmay_temple_entry_fiery, serial_shops, kennysheep_mini_moat,
          nrook_uturn, minmay_misc_feat_tiny
D:5:      serial_shops, shop, led_xom_imps
D:6:      lemuel_crystal_altar, eino_small_chamber_without_monster,
          uniq_grinder, uniq_edmund, uniq_prince_ribbit1
Temple:   triangle_lava_temple_12

Action                   |  1- 3 |  4- 6 |  7- 9 || total
-------------------------+-------+-------+-------++-------
Melee: Unarmed           |    15 |       |       ||    15
       Mace              |    14 |    52 |       ||    66
       Dagger            |       |     6 |    83 ||    89
Throw: Stone             |     7 |     1 |       ||     8
       Throwing net      |       |     1 |     3 ||     4
 Cast: Magic Dart        |   102 |   141 |    45 ||   288
  Use: Scroll            |     5 |     7 |     4 ||    16
       Potion            |     2 |     3 |     4 ||     9
  Eat: Chunk             |     4 |       |       ||     4
       Beef jerky        |     1 |       |       ||     1
       Meat ration       |       |     1 |     1 ||     2
       Bread ration      |       |     1 |       ||     1
